 Dungeon Crawl Stone Soup version 0.29.0-5-ge4962eb29e (webtiles) character file.

Game seed: 1256475851636515226

182 themarg the Caller (level 5, -2/37 HPs)
             Began as a Merfolk Summoner on Aug 29, 2022.
             Slain by an orc priest
             ... wielding a +0 dagger
              (4 damage)
             ... on level 2 of the Dungeon.
             The game lasted 00:10:33 (2628 turns).

themarg the Caller (Merfolk Summoner)               Turns: 2628, Time: 00:10:33

Health: -2/37      AC:  2    Str:  8    XL:     5   Next: 61%
Magic:  2/9        EV: 13    Int: 17    God:
Gold:   143        SH:  0    Dex: 14    Spells: 6/10 levels left

rFire   . . .      SeeInvis .   d - +0 dagger
rCold   . . .      Faith    .   (no shield)
rNeg    . . .      Spirit   .   a - +0 robe
rPois   .          Reflect  .   (no helmet)
rElec   .          Harm     .   (no cloak)
rCorr   .          Rampage  .   (no gloves)
Will    .....                   (no boots)
Stlth   ++........              (no amulet)
HPRegen 0.12/turn               (no ring)
MPRegen 0.11/turn               (no ring)

@: brilliant
A: (nimble swimmer 2), mertail
a: no special abilities


You were on level 2 of the Dungeon.
You visited 1 branch of the dungeon, and saw 3 of its levels.

You collected 143 gold pieces.

Inventory:

Hand Weapons
 d - a +0 dagger (weapon)
Armour
 a - a +0 robe (worn)
Scrolls
 e - 2 scrolls of immolation {unknown}
 f - a scroll of amnesia {unknown}
 h - a scroll of magic mapping {unknown}
 i - a scroll of blinking {unknown}
 j - a scroll of butterflies {unknown}
 l - a scroll of poison {unknown}
 m - a scroll of identify {unknown}
 n - a scroll of summoning {unknown}
 o - a scroll of brand weapon {unknown}
 p - 2 scrolls of teleportation {unknown}
Potions
 b - a potion of magic
 c - 2 potions of heal wounds {unknown}
 g - 2 potions of attraction {unknown}
 k - 2 potions of brilliance
 q - a potion of curing {unknown}


   Skills:
 + Level 1.3 Fighting
 + Level 3.9 Dodging
 + Level 3.4 Stealth
 + Level 3.2 Spellcasting
 + Level 4.8 Summonings


You had 6 spell levels left.
You knew the following spells:

 Your Spells              Type           Power      Damage    Failure   Level
a - Summon Small Mammal   Summ           100%       N/A       2%          1
b - Call Canine Familiar  Summ           28%        N/A       7%          3

Your spell library contained the following spells:

 Spells                   Type           Power      Damage    Failure   Level
 Call Imp                 Summ           28%        N/A       3%          2
 Summon Guardian Golem    Hex/Summ       16%        N/A       19%         3
 Summon Lightning Spire   Summ/Air       16%        N/A       54%         4


Dungeon Overview and Level Annotations

Branches:
Dungeon (3/15)

Altars:

Shops:
D:1 *

Annotations:
D:3 1 runed translucent door


Innate Abilities, Weirdness & Mutations

((You are very nimble when in or above water. (Stealth+, EV+, Speed+++)))
Your lower body shifts to a powerful aquatic tail in water.


Message History

You see here a +0 short sword.
Your bat barely misses the gnoll.
The orc priest barely misses you.
You climb upwards.
There is a stone staircase leading down, spattered with blood here.
You hit the orc priest.
The orc priest is lightly wounded.
The orc priest closely misses you.
You hit the orc priest.
The orc priest is moderately wounded.
The orc priest misses you.
You hit the orc priest.
The orc priest is heavily wounded.
The orc priest hits you but does no damage.
You hit the orc priest.
The orc priest is severely wounded.
The orc priest hits you with a +0 dagger.
You hit the orc priest but do no damage.
The orc priest is severely wounded.
The orc priest invokes the aid of Beogh against you.
Beogh smites you!
You hit the orc priest but do no damage.
The orc priest is severely wounded.
The orc priest barely misses you.
You closely miss the orc priest.
The orc priest is severely wounded.
The orc priest hits you with a +0 dagger.
* * * LOW HITPOINT WARNING * * *
You hit the orc priest but do no damage.
The orc priest is severely wounded.
The orc priest invokes the aid of Beogh against you.
Beogh smites you!
* * * LOW HITPOINT WARNING * * *
It was a potion of brilliance.
You feel clever all of a sudden.
The orc priest hits you but does no damage.
Casting: Summon Small Mammal (safe; 2% risk of failure)
Confirm with . or Enter, or press ? or * to list all spells.
You feel a surge of power!
The orc priest hits you with a +0 dagger.
You die...

####.............####.##..(......
...#....>.............######...#.
...#.............###.....#....##.
.................# ##.........##>
..............#.####...........#.
...####.....#..................#.
...# #.#..........#.............
...# ##............##............
...###..........@..###.......###.
.......##......)ho.# #.....### ##
)...#####..........###..#### #
....# ###.....#.......# # ..###
#.....#....##.# ## ..#
#.....#....##.# #. ..#
###.............# #. .##
##.......#.....##########.
<.######..#.(#..#................


You could see an orc priest (ally target) and a friendly hound (summoned).

Vanquished Creatures
  An orc wizard (D:3)
  3 adders (D:2)
  2 giant cockroaches
  A goblin (D:1)
  A kobold (D:3)
  2 quokkas
  3 ball pythons
  A bat (D:1)
14 creatures vanquished.

Vanquished Creatures (collateral kills)
  An orc wizard (D:3)
  2 gnolls (D:3)
  2 adders
  2 dart slugs
  3 orcs
  2 ball pythons
  7 endoplasms
  4 goblins
  4 hobgoblins
  6 jackals
  3 kobolds
  A quokka (D:1)
  2 bats
  4 frilled lizards
  4 rats
47 creatures vanquished.

Grand Total: 61 creatures vanquished

Notes
Turn   | Place    | Note
-------+----------+-------------------------------------------
     0 | D:1      | themarg the Merfolk Summoner began the quest for the Orb.
     0 | D:1      | Reached XP level 1. HP: 13/13 MP: 3/3
   196 | D:1      | Reached XP level 2. HP: 19/19 MP: 3/5
   248 | D:1      | Found a faded altar of an unknown god.
   527 | D:1      | Found Loygopog's Assorted Antiques.
   653 | D:1      | Reached XP level 3. HP: 23/24 MP: 3/6
   657 | D:1      | Learned a level 3 spell: Call Canine Familiar
  1234 | D:2      | Reached XP level 4. HP: 23/30 MP: 6/8
  2157 | D:3      | Reached XP level 5. HP: 25/36 MP: 5/9
  2382 | D:3      | Reached skill level 1 in Fighting
  2493 | D:3      | Found a runed translucent door.
  2628 | D:2      | Slain by an orc priest

Illustrated notes

Levels and vault maps discovered:
D:1:      lemuel_arrival_hallway, layout_rooms,
          hellmonk_ecumenical_altar_dog_temple, serial_shops, shop_fountains,
          roderic_serpentine_path, nicolae_kite_square_tiling_tiny
D:2:      minmay_spotlight, layout_rooms
D:3:      layout_rooms, ebering_ghost_inner_flame, minmay_crystal_water

Skill      XL: |  1  2  3  4  5 |
---------------+----------------+-----
Dodging        | 3 |  3.9
Stealth        | 3 |  3.4
Spellcasting   | 3 |  3.2
Fighting       | 1 |  1.3
Summonings     | |  4.8

Action                   |  1- 3 |  4- 6 || total
-------------------------+-------+-------++-------
Melee: Unarmed           |    14 |       ||    14
       Dagger            |    28 |    70 ||    98
       Punch             |     2 |       ||     2
 Cast: Summon Small Mamm |    43 |    23 ||    66
       Call Canine Famil |     1 |    10 ||    11
  Use: Potion            |       |     1 ||     1
 Stab: Sleeping          |     2 |       ||     2
       Distracted        |     1 |       ||     1
Armor: Robe              |     9 |     9 ||    18
Dodge: Dodged            |    35 |    42 ||    77
